 Dungeon Crawl Stone Soup version 0.29.1-15-g9cfb28693d (webtiles) character file.

Game seed: 14475488754806554817

249 bnorton916 the Magician (level 5, -6/28 HPs)
             Began as a Deep Elf Fire Elementalist on Feb 22, 2023.
             Mangled by Pikel
             ... wielding a +2 whip of flaming
              (7 damage)
             ... on level 4 of the Dungeon.
             The game lasted 00:05:36 (4891 turns).

bnorton916 the Magician (DEFE)                      Turns: 4891, Time: 00:05:37

Health: -6/28      AC:  6    Str:  5    XL:     5   Next: 86%
Magic:  8/14       EV: 12    Int: 22    God:
Gold:   182        SH:  0    Dex: 15    Spells: 8/14 levels left

rFire   . . .      SeeInvis .   (no weapon)
rCold   . . .      Faith    .   (no shield)
rNeg    . . .      Spirit   .   a - +0 robe
rPois   .          Reflect  .   v - +1 helmet
rElec   .          Harm     .   q - +0 cloak
rCorr   .          Rampage  .   y - +0 pair of gloves
Will    .....                   (no boots)
Stlth   ++........              (no amulet)
HPRegen 0.09/turn               m - +4 ring of slaying
MPRegen 0.14/turn               x - ring of wizardry

@: no status effects
A: no striking features
a: no special abilities


You were on level 4 of the Dungeon.
You visited 1 branch of the dungeon, and saw 4 of its levels.

You collected 182 gold pieces.

Inventory:

Missiles
 i - 5 boomerangs
 p - 4 poisoned darts
Armour
 a - a +0 robe (worn)
 q - a +0 cloak (worn)
 v - a +1 helmet (worn)
 y - a +0 pair of gloves (worn)
Jewellery
 m - a +4 ring of slaying (left hand)
 x - a ring of wizardry (right hand)
Scrolls
 h - 2 scrolls of teleportation
 o - a scroll of enchant armour {unknown}
 s - a scroll of enchant weapon
 t - a scroll of magic mapping
 u - a scroll of summoning {unknown}
 z - a scroll of poison
Potions
 b - a potion of magic
 d - 2 potions of mutation {unknown}
 e - 2 potions of degeneration {unknown}
 f - a potion of resistance {unknown}
 g - 2 potions of curing {unknown}
 j - a potion of cancellation {unknown}
 k - 3 potions of heal wounds {unknown}
 l - a potion of haste {unknown}
 n - a potion of lignification {unknown}
 r - a potion of flight {unknown}
 w - a potion of might {unknown}


   Skills:
 - Level 2.4 Dodging
 - Level 2.4 Stealth
 + Level 5.3 Spellcasting
 + Level 3.7 Conjurations
 + Level 5.0 Fire Magic


You had 8 spell levels left.
You knew the following spells:

 Your Spells              Type           Power      Damage    Failure   Level
a - Foxfire               Conj/Fire      100%       2x1d9     1%          1
b - Scorch                Fire           54%        2d7       1%          2
c - Conjure Flame         Conj/Fire      25%        6-21      1%          3

Your spell library contained the following spells:

 Spells                   Type           Power      Damage    Failure   Level
 Inner Flame              Hex/Fire       16%        N/A       4%          3
 Flame Wave               Conj/Fire      25%        2d8       6%          4
 Frozen Ramparts          Ice            10%        1d2       12%         3
 Ozocubu's Refrigeration  Ice            2%         4d8       100%        7


Dungeon Overview and Level Annotations

Branches:
Dungeon (4/15)
 Temple: D:4-7

Altars:
Qazlal

Shops:
D:1 [[**

Annotations:
D:2 1 runed translucent door, Crazy Yiuf
D:3 1 runed translucent door, THTSBRD's ghost, amateur FoHu
D:4 Pikel


Message History

Casting: Scorch (safe; 1% risk of failure)
Confirm with . or Enter, or press ? or * to list all spells.
Flames lash the lemure.
The lemure is burned terribly!
You kill the lemure!
That felt strangely unrewarding.
You start resting.
HP restored.
You start resting.
Magic restored.
You start waiting.
You start waiting.
Done waiting.
You climb downwards.
Level annotation: Pikel Pikel hits you but does no damage.
There is a stone staircase leading up here.
Casting: Scorch (safe; 1% risk of failure)
Confirm with . or Enter, or press ? or * to list all spells.
Flames lash Pikel.
Pikel is moderately wounded.
Pikel's fire resistance burns away.
Pikel hits you with a +2 whip of flaming!
Pikel burns you.
Pikel hits you with a +2 whip of flaming!
* * * LOW HITPOINT WARNING * * *
Pikel burns you.
* * * LOW HITPOINT WARNING * * *
Casting: Scorch (safe; 1% risk of failure)
Confirm with . or Enter, or press ? or * to list all spells.
Flames lash Pikel.
Pikel is burned terribly!
Pikel is severely wounded.
Pikel closely misses you. Pikel misses you.
Unknown command.
Casting: Scorch (safe; 1% risk of failure)
Confirm with . or Enter, or press ? or * to list all spells.
Flames lash Pikel.
Pikel is burned terribly!
Pikel is almost dead.
Pikel hits you with a +2 whip of flaming!
You die...

....##............####......#
####.####.... #......# ## #.#
#.... #......# .#
#.#############.##### .# #.#..>
.........#####
.########.#.####.....#......#####
.............)..............'....
..#######.#.####K....#......#####
#†#.....#.#.# #@....#......#
#.#.###.#.#.# #.....#......#
#.#.......#.#.##.....#......#
#.#####.###.#.##.....#......#
#.......# #.#.##.....#......#
######### #.#.########......# ..#
#.# #......# #.# #.# #.#######
#.# #######


You could see Pikel (combustible).

Vanquished Creatures
  A black bear (D:3)
  3 lemures
  Natasha (D:4)
  An orc wizard (D:3)
  2 adders (D:2)
  A worm (D:3)
  3 dart slugs
  11 orcs
  A bat (D:1)
  5 endoplasms
  3 giant cockroaches
  10 goblins
  7 hobgoblins
  2 jackals (D:2)
  5 kobolds
  3 quokkas
  4 ball pythons
  2 frilled lizards (D:3)
  8 rats
73 creatures vanquished.

Vanquished Creatures (others)
  286 foxfires
286 creatures vanquished.

Grand Total: 359 creatures vanquished

Notes
Turn   | Place    | Note
-------+----------+-------------------------------------------
     0 | D:1      | bnorton916 the Deep Elf Fire Elementalist began the quest
                  | for the Orb.
     0 | D:1      | Reached XP level 1. HP: 10/10 MP: 6/6
   212 | D:1      | Reached XP level 2. HP: 15/15 MP: 1/8
   318 | D:1      | Found Tot Wucw's Armour Shop.
   462 | D:1      | Found Zitih's General Store.
   536 | D:1      | Found Ajinlinki's Armour Boutique.
   701 | D:1      | Found Huha's General Store.
   889 | D:1      | Found a faded altar of an unknown god.
  1068 | D:2      | Reached XP level 3. HP: 15/19 MP: 2/10
  1294 | D:1      | Learned a level 2 spell: Scorch
  1298 | D:1      | Learned a level 3 spell: Conjure Flame
  1864 | D:2      | Found a runed translucent door.
  1865 | D:2      | Noticed Crazy Yiuf
  1974 | D:3      | Reached XP level 4. HP: 24/24 MP: 9/12
  2294 | D:3      | Found a stormy altar of Qazlal.
  2517 | D:3      | Found a runed translucent door.
  2529 | D:3      | Noticed THTSBRD's ghost (amateur FoHu)
  2910 | D:3      | Noticed a black bear
  2919 | D:3      | Killed a black bear
  2920 | D:3      | Reached skill level 5 in Spellcasting
  2920 | D:3      | Reached XP level 5. HP: 28/28 MP: 3/14
  3644 | D:4      | Got Exesum's Volume of Graupel
  4332 | D:4      | Noticed Natasha
  4339 | D:4      | Killed Natasha
  4340 | D:4      | Reached skill level 5 in Fire Magic
  4403 | D:4      | Noticed a lemure
  4410 | D:4      | Noticed a lemure
  4415 | D:4      | Killed a lemure
  4418 | D:4      | Noticed a lemure
  4419 | D:4      | Noticed Pikel
  4568 | D:4      | Noticed a lemure
  4579 | D:4      | Killed a lemure
  4602 | D:3      | Killed a lemure
  4888 | D:4      | HP: 1/28 [Pikel/+2 whip of flaming (3)]
  4891 | D:4      | Mangled by Pikel

Illustrated notes

Levels and vault maps discovered:
D:1:      saegor_arrival_miasma, layout_rooms,
          dreamdust_ecumenical_altar_angels_and_demons, serial_shops, shop,
          nicolae_shop_hallway_stairs, nicolae_shop_hallway_stairs, shop
D:2:      layout_rooms, uniq_crazy_yiuf_cottage
D:3:      layout_basic, nicolae_qazlal_eye_of_the_storm,
          ebering_ghost_reflecting_pool
D:4:      minmay_goblin_kobold_castle, layout_basic, uniq_natasha, uniq_pikel

Skill      XL: |  1  2  3  4  5 |
---------------+----------------+-----
Conjurations   | 2 3 |  3.7
Spellcasting   | 4 5 |  5.3
Fire Magic     | 4 5 |  5.0
Dodging        | |  2.4
Stealth        | |  2.4

Action                   |  1- 3 |  4- 6 || total
-------------------------+-------+-------++-------
Melee: Unarmed           |       |     1 ||     1
 Cast: Foxfire           |    87 |    80 ||   167
       Scorch            |     2 |    21 ||    23
       Conjure Flame     |       |     4 ||     4
  Use: Scroll            |       |     5 ||     5
Armor: Robe              |       |     2 ||     2
Dodge: Dodged            |    12 |     9 ||    21
